Map: Hardwire LE

Players

BrenMcBash - Winner!

  • Race: Protoss Protoss
  • League: Master

Zorohm

  • Race: Zerg Zerg
  • League: Diamond

VOD

Have the link to the VOD?

Description

Time

  • Played on: Feb. 6, 2022, 11:31 a.m.
  • Length: 8:13
Show
View Real Time Build Order
Export as new Build Order

BrenMcBash Protoss - Winner!

Build Orders: 1 Gate Expand, Oracle Opening 

Get SALT Encoding   

  12  0:01  Probe  
  13  0:14  Probe  
  14  0:18  Pylon  
  14  0:26  Probe  
  15  0:38  Probe (Chrono Boost)  
  15  0:40  Gateway  
  16  0:48  Assimilator  
  16  0:49  Probe (Chrono Boost)  
  17  0:54  Probe (Chrono Boost)  
  18  1:04  Probe  
  19  1:16  Probe  
  20  1:27  Nexus  
  20  1:29  Probe  
  21  1:39  Cybernetics Core  
  21  1:42  Probe  
  22  1:50  Assimilator  
  22  1:54  Probe  
  23  1:56  Pylon  
  23  2:14  Probe  
  24  2:16  Adept (Chrono Boost)  
  24  2:17  Warp Gate (Chrono Boost)  
  26  2:26  Probe  
  27  2:37  Stargate  
  27  2:38  Probe  
  27  2:39  Probe  
  27  2:40  Gateway  
  29  2:45  Adept  
  31  2:51  Probe  
  32  2:59  Probe  
  33  3:07  Probe  
  34  3:14  Void Ray (Chrono Boost)  
  34  3:16  Pylon, Shield Battery  
  34  3:21  Probe  
  34  3:22  Probe  
  40  3:33  Probe  
  40  3:34  Probe  
  42  3:40  Assimilator  
  42  3:45  Probe  
  42  3:46  Probe  
  44  3:50  Oracle  
  47  3:57  Probe  
  47  3:58  Probe  
  49  4:09  Probe  
  50  4:10  Probe  
  50  4:14  Assimilator, Adept  
  53  4:21  Probe, Pylon  
  54  4:34  Void Ray, Pylon  
  54  4:37  Nexus  
  54  4:39  Probe x2  
  60  4:51  Probe x2, Protoss Air Weapons Level 1 (Chrono Boost)  
  62  4:57  Stargate  
  62  5:00  Forge  
  62  5:01  Robotics Facility  
  62  5:03  Probe x2  
  64  5:09  Shield Battery  
  64  5:15  Probe x2  
  64  5:18  Void Ray  
  66  5:28  Pylon  
  70  5:40  Void Ray  
  70  5:46  Probe x2  
  70  5:49  Robotics Bay, Probe  
  77  5:54  Pylon  
  77  5:58  Probe x2  
  77  6:01  Probe  
  80  6:09  Gateway  
  80  6:10  Probe x2  
  82  6:14  Probe  
  82  6:15  Gateway, Pylon  
  83  6:20  Void Ray  
  83  6:21  Twilight Council  
  83  6:23  Gateway  
  83  6:28  Probe x2  
  89  6:33  Disruptor (Chrono Boost)  
  89  6:37  Pylon  
  89  6:38  Probe  
  93  6:40  Assimilator  
  93  6:41  Assimilator  
  93  6:47  Probe x2  
  95  7:02  Disruptor  
  98  7:09  Shield Battery  
  98  7:11  Probe  
  98  7:12  Photon Cannon  
  98  7:15  Photon Cannon, Probe x2  
  100  7:17  Shield Battery  
  100  7:21  Fleet Beacon  
  101  7:24  Gateway  
  101  7:25  Gateway x2  
  101  7:26  Pylon  
  101  7:27  Probe x2  
  101  7:28  Gateway, Probe  
  104  7:38  Observer  
  104  7:39  Probe  
  104  7:40  Probe x2  
  112  7:51  Probe  
  112  7:52  Probe  
  107  8:00  Zealot x4  
  108  8:12  Zealot  
Show
View Real Time Build Order
Export as new Build Order

Zorohm Zerg 

Build Orders: Hatch First 

Get SALT Encoding   

  12  0:00  Drone  
  13  0:12  Overlord  
  13  0:16  Drone  
  14  0:30  Drone x2  
  16  0:49  Hatchery  
  15  0:51  Drone  
  15  0:55  Drone  
  17  0:59  Drone  
  18  1:10  Extractor  
  17  1:14  Spawning Pool  
  17  1:17  Drone  
  17  1:20  Drone  
  18  1:27  Drone  
  19  1:38  Overlord  
  19  1:50  Drone  
  20  2:00  Queen  
  23  2:01  Zergling x2  
  23  2:02  Queen, Zergling x2  
  26  2:11  Drone  
  27  2:15  Metabolic Boost  
  27  2:17  Drone  
  28  2:31  Hatchery  
  28  2:33  Drone  
  28  2:35  Drone  
  29  2:38  Drone  
  30  2:45  Zergling x4  
  32  2:52  Overlord  
  32  2:53  Drone  
  32  2:57  Queen  
  35  3:06  Overlord  
  35  3:09  Drone  
  35  3:11  Drone x2  
  35  3:12  Drone  
  39  3:17  Drone  
  39  3:18  Drone  
  41  3:22  Overlord  
  41  3:27  Drone  
  41  3:28  Drone  
  41  3:33  Queen  
  45  3:38  Overlord  
  45  3:39  Drone  
  46  3:44  Drone  
  46  3:48  Spore Crawler  
  46  3:49  Spore Crawler  
  46  3:51  Queen  
  47  3:56  Zergling x6  
  47  3:57  Zergling x2  
  47  3:58  Zergling x2  
  52  4:03  Drone  
  52  4:06  Lair  
  52  4:07  Drone  
  52  4:09  Drone  
  55  4:11  Drone  
  55  4:13  Drone  
  55  4:14  Drone  
  58  4:18  Overlord  
  58  4:21  Overlord  
  58  4:24  Drone  
  59  4:28  Extractor  
  59  4:29  Drone, Extractor  
  59  4:30  Extractor x2  
  59  4:31  Drone x2  
  58  4:39  Drone x3  
  58  4:40  Drone x2  
  63  4:46  Drone  
  63  4:48  Drone  
  63  4:50  Drone  
  63  4:52  Drone  
  67  4:57  Drone x2  
  69  5:01  Drone  
  69  5:02  Drone  
  69  5:05  Hydralisk Den  
  70  5:08  Baneling Nest  
  70  5:11  Evolution Chamber  
  70  5:12  Drone x4, Evolution Chamber  
  71  5:27  Overlord  
  71  5:28  Overlord x3  
  71  5:29  Overlord  
  71  5:35  Muscular Augments  
  71  5:38  Zerg Missile Weapons Level 1  
  71  5:39  Zerg Melee Weapons Level 1  
  71  5:50  Centrifugal Hooks  
  71  5:51  Hydralisk x2  
  71  5:52  Hydralisk  
  71  5:54  Hydralisk  
  79  5:57  Hydralisk  
  79  6:00  Hydralisk  
  79  6:02  Hydralisk  
  85  6:05  Hydralisk  
  85  6:08  Hydralisk  
  89  6:11  Overlord  
  89  6:13  Overlord  
  89  6:16  Hydralisk  
  91  6:19  Hydralisk  
  91  6:22  Overlord  
  91  6:25  Hydralisk  
  93  6:29  Hydralisk  
  93  6:30  Hydralisk  
  99  6:33  Hydralisk  
  99  6:36  Hydralisk  
  99  6:39  Overlord  
  103  6:42  Hydralisk  
  103  6:44  Hydralisk  
  103  6:46  Zergling x2  
  108  6:47  Zergling x2  
  108  6:49  Zergling x2  
  108  6:50  Hydralisk  
  112  6:56  Hydralisk x2  
  112  6:59  Zergling x2  
  112  7:00  Zergling x2  
  118  7:04  Zergling x6  
  118  7:08  Zergling x6  
  124  7:11  Overlord  
  124  7:13  Zergling x4  
  127  7:15  Zergling x2  
  127  7:16  Zergling x2  
  127  7:22  Zergling x6  
  131  7:26  Overlord  
  130  7:35  Baneling x7  
  130  7:37  Baneling x6  
  130  7:40  Baneling  
  130  7:41  Baneling x7  
  130  7:45  Zergling x10  
  130  7:48  Zergling x2  
  130  7:50  Zergling x2  
  137  7:54  Zergling x2  
  137  7:56  Zergling x6  
Tags
 
Add a new tag
Caveats
  • Supply blocks, unpowered buildings, or Contaminate may cause inaccurate times.
  • Supply counts are checked every 10 seconds.